Map: Orbital Shipyard

Players

SlAvYi - Winner!

  • Race: Protoss Protoss
  • League: Silver

wabbajack

  • Race: Zerg Zerg
  • League: Gold

VOD

Have the link to the VOD?

Description

Time

  • Played on: July 20, 2015, 1:38 p.m.
  • Length: 15:31
Show
View Real Time Build Order
Export as new Build Order

SlAvYi Protoss - Winner!

Build Orders: Oracle Opening 

Get SALT Encoding   

  12  0:01  Probe  
  13  0:16  Pylon  
  13  0:18  Probe  
  14  0:34  Assimilator  
  14  0:40  Gateway, Probe (Chrono Boost)  
  16  0:50  Probe (Chrono Boost)  
  16  0:55  Assimilator  
  16  1:04  Forge  
  16  1:06  Probe (Chrono Boost)  
  17  1:16  Probe (Chrono Boost)  
  18  1:27  Cybernetics Core  
  18  1:29  Probe  
  19  1:43  Photon Cannon  
  19  1:52  Pylon  
  19  1:54  Probe (Chrono Boost)  
  20  2:03  Probe (Chrono Boost)  
  21  2:10  Warp Gate  
  21  2:11  Mothership Core (Chrono Boost)  
  24  2:30  Probe (Chrono Boost)  
  24  2:35  Stargate  
  24  2:55  Nexus  
  24  3:03  Probe (Chrono Boost)  
  26  3:13  Probe (Chrono Boost)  
  26  3:15  Twilight Council  
  26  3:22  Oracle (Chrono Boost)  
  29  3:38  Gateway  
  29  3:42  Gateway  
  29  3:51  Pylon  
  29  4:07  Void Ray  
  33  4:11  Probe (Chrono Boost)  
  34  4:17  Probe (Chrono Boost)  
  34  4:23  Probe (Chrono Boost)  
  36  4:28  Probe (Chrono Boost)  
  36  4:30  Probe (Chrono Boost)  
  38  4:37  Shield Upgrade  
  38  4:47  Zealot  
  38  4:48  Zealot x2  
  41  5:00  Void Ray  
  45  5:08  Robotics Facility  
  45  5:09  Pylon  
  38  5:17  Probe  
  36  5:28  Probe (Chrono Boost)  
  36  5:30  Probe (Chrono Boost)  
  37  5:39  Probe (Chrono Boost)  
  37  5:40  Probe (Chrono Boost)  
  39  5:47  Probe (Chrono Boost)  
  40  5:50  Void Ray (Chrono Boost)  
  45  5:57  Probe (Chrono Boost)  
  45  5:59  Probe (Chrono Boost)  
  47  6:06  Probe (Chrono Boost)  
  48  6:12  Probe (Chrono Boost)  
  48  6:16  Probe (Chrono Boost)  
  49  6:22  Probe (Chrono Boost), Pylon  
  49  6:24  Probe (Chrono Boost)  
  55  6:33  Void Ray (Chrono Boost)  
  51  7:08  Void Ray  
  55  7:16  Stargate  
  55  7:17  Probe (Chrono Boost)  
  55  7:22  Probe (Chrono Boost), Assimilator  
  53  7:26  Protoss Air Weapons Level 1 (Chrono Boost)  
  53  7:28  Probe (Chrono Boost), Warp Prism, Assimilator  
  57  7:31  Probe (Chrono Boost), Photon Cannon  
  57  7:35  Pylon  
  57  7:38  Robotics Bay  
  57  7:41  Photon Cannon  
  57  7:45  Probe x2  
  57  7:47  Pylon  
  59  7:55  Void Ray  
  63  8:04  Probe x2  
  65  8:16  Photon Cannon  
  65  8:32  Nexus  
  65  8:34  Pylon  
  68  8:42  Disruptor (Chrono Boost)  
  68  8:44  Void Ray (Chrono Boost)  
  72  8:52  Void Ray (Chrono Boost)  
  76  8:58  Probe x2  
  78  9:10  Probe x2  
  83  9:17  Disruptor (Chrono Boost)  
  83  9:22  Zealot  
  83  9:23  Zealot x2  
  89  9:27  Probe x2  
  91  9:38  Gravitic Drive (Chrono Boost)  
  91  9:44  Probe x3  
  94  9:47  Observer  
  95  9:55  Zealot x3  
  95  9:56  Probe x2  
  95  9:57  Probe  
  104  10:04  Photon Cannon  
  104  10:06  Pylon  
  104  10:12  Disruptor  
  104  10:18  Pylon  
  104  10:20  Extended Thermal Lance (Chrono Boost)  
  104  10:25  Colossus  
  107  10:54  Zealot x3  
  106  11:05  Void Ray  
  106  11:06  Void Ray  
  104  11:11  Colossus  
  104  11:14  Probe x3  
  104  11:17  Protoss Ground Weapons Level 1 (Chrono Boost)  
  115  11:19  Assimilator  
  115  11:25  Forge  
  121  11:26  Probe  
  121  11:32  Probe  
  122  11:33  Probe  
  122  11:38  Probe  
  119  11:40  Pylon  
  119  11:41  Pylon  
  100  11:58  Stalker x3  
  106  12:06  Colossus  
  112  12:08  Probe  
  112  12:09  Probe x2  
  112  12:12  Assimilator  
  115  12:18  Gateway  
  115  12:19  Gateway  
  115  12:20  Probe  
  115  12:21  Stalker  
  115  12:22  Stalker x2  
  122  12:31  Charge  
  122  12:34  Protoss Shields Level 1 (Chrono Boost)  
  122  13:00  Colossus  
  122  13:12  Stalker x2  
  108  13:13  Stalker  
  110  13:33  Stalker x2  
  114  13:35  Void Ray x2  
  82  14:18  Void Ray x2 (Chrono Boost)  
  82  14:22  Zealot x2  
  82  14:23  Zealot x2  
  82  14:24  Zealot  
  96  14:26  Colossus (Chrono Boost)  
  92  14:47  Zealot x3  
  92  14:48  Zealot x2  
  98  14:58  Nexus  
  98  15:00  Pylon  
  98  15:01  Pylon  
  98  15:06  Photon Cannon  
  98  15:08  Photon Cannon  
  104  15:21  Zealot  
  104  15:22  Zealot x2  
Show
View Real Time Build Order
Export as new Build Order

wabbajack Zerg 

Build Orders: Hatch First 

Get SALT Encoding   

  12  0:01  Drone  
  13  0:14  Overlord  
  13  0:18  Drone  
  14  0:26  Drone, Extractor  
  15  0:34  Drone  
  16  0:37  Drone  
  17  0:55  Hatchery  
  16  0:57  Extractor  
  16  0:58  Drone  
  16  1:01  Drone  
  17  1:19  Spawning Pool  
  17  1:23  Drone  
  17  1:24  Drone  
  17  1:25  Extractor  
  17  1:35  Drone  
  18  1:40  Drone  
  19  1:51  Overlord  
  19  2:06  Metabolic Boost, Queen  
  21  2:10  Queen  
  24  2:15  Zergling x2  
  24  2:25  Baneling Nest, Drone  
  24  2:28  Drone  
  25  2:30  Zergling x2  
  25  2:35  Zergling x2  
  27  2:45  Pneumatized Carapace  
  27  2:55  Zergling x4  
  27  2:56  Zergling x4  
  31  3:07  Overlord  
  30  3:23  Zergling x2  
  30  3:24  Zergling x6  
  34  3:30  Zergling x2  
  34  3:31  Zergling x6  
  38  3:51  Drone x3  
  38  3:53  Overlord  
  41  3:56  Baneling x2  
  41  4:01  Baneling x2  
  41  4:24  Spore Crawler  
  41  4:26  Spore Crawler  
  41  4:29  Spore Crawler, Drone  
  41  4:30  Drone x7  
  36  5:18  Queen  
  36  5:21  Lair  
  31  5:40  Overlord x4  
  31  5:41  Overlord x2, Extractor  
  31  5:42  Extractor  
  29  6:02  Drone x3  
  29  6:03  Drone x2  
  29  6:04  Drone x5  
  37  6:08  Drone x2  
  37  6:09  Drone  
  42  6:24  Hydralisk Den  
  41  6:28  Queen  
  41  6:32  Hatchery  
  42  6:38  Drone x2  
  42  6:39  Evolution Chamber, Drone  
  45  6:40  Drone  
  45  6:42  Hatchery  
  45  6:43  Drone x5  
  49  6:49  Queen  
  49  7:28  Muscular Augments  
  49  7:30  Zerg Missile Weapons Level 1  
  49  7:32  Roach Warren  
  48  7:43  Queen  
  50  7:46  Hydralisk x2  
  50  7:47  Hydralisk x4  
  50  7:49  Overlord x2  
  50  7:50  Overlord  
  62  7:51  Hydralisk  
  62  7:52  Hydralisk  
  62  7:55  Queen  
  68  8:01  Drone x4  
  68  8:03  Overlord  
  72  8:09  Evolution Chamber  
  71  8:15  Glial Reconstitution  
  71  8:19  Spore Crawler  
  70  8:24  Spine Crawler  
  69  8:28  Drone x2  
  69  8:29  Drone x6  
  77  8:51  Spore Crawler  
  77  8:55  Spine Crawler  
  75  8:56  Spine Crawler, Lurker Den  
  74  9:13  Zerg Ground Armor Level 1  
  74  9:16  Drone x2  
  74  9:17  Drone x5  
  78  9:20  Overlord x4  
  78  9:24  Zerg Missile Weapons Level 2  
  81  9:25  Overseer  
  81  9:31  Extractor  
  80  9:34  Extractor  
  80  9:36  Roach x3  
  85  9:53  Nydus Network  
  84  10:00  Hydralisk x5, Roach  
  84  10:01  Hydralisk x2, Roach x6  
  84  10:02  Roach  
  114  10:12  Drone x3  
  114  10:13  Overlord  
  114  10:14  Overlord  
  117  10:47  Hatchery  
  98  11:12  Nydus Canal  
  98  11:36  Queen x3  
  98  11:37  Queen  
  66  12:07  Queen  
  68  12:10  Drone x6  
  68  12:11  Drone x7  
  68  12:12  Drone x6  
  68  12:13  Drone x3  
  68  12:14  Drone x2  
  92  12:16  Overlord  
  92  12:22  Spire  
  91  12:29  Zerg Ground Armor Level 2  
  91  12:30  Zerg Melee Weapons Level 1  
  91  12:35  Infestation Pit, Roach x2, Hydralisk  
  91  12:36  Hydralisk x2, Roach x5  
  91  12:37  Hydralisk, Roach x5  
  114  12:38  Hydralisk x4, Roach x3  
  114  12:43  Extractor  
  135  12:44  Extractor  
  92  13:19  Hydralisk x5, Roach x2  
  95  13:20  Hydralisk x6, Roach x6  
  95  13:21  Hydralisk, Roach x5  
  129  13:34  Corruptor x4  
  109  14:02  Corruptor, Swarm Host  
  97  14:03  Corruptor x4  
  94  14:26  Zergling x2  
  94  14:27  Zergling x30  
  108  14:45  Hatchery  
  105  15:06  Nydus Canal  
Tags
 
Add a new tag
Caveats
  • Supply blocks, unpowered buildings, or Contaminate may cause inaccurate times.
  • Supply counts are checked every 10 seconds.